[Event "Sunway Sitges Chess Festival"]
[Date "2024.12.21"]
[White "Kumar, Sanjit S"]
[Black "Yang, Sung-Jui"]
[WhiteElo "2034"]
[BlackElo "1882"]
[Round "5.38"]
[Result "1-0"]
[TimeControl "40/5400+30:1800+30"]

1. d4 d5 2. c4 e6 3. Nc3 Nf6 4. cxd5 exd5 5. Bg5 c6 6. Qc2 Bd6 7. e3 O-O 8. Bd3 h6 9. Bh4 Re8 10. Nge2 a5 11. Bg3 Na6 12. a3 Nc7 13. O-O Bxg3 14. Nxg3 h5 15. h3 h4 16. Nge2 Nh5 17. b4 Ne6 18. Bf5 Ng5 19. b5 g6 20. Bxg6 fxg6 21. Qxg6+ Ng7 22. f4 Nxh3+ 23. gxh3 Bf5 24. Qg2 Rxe3 25. Rf3 Re6 26. Kh2 Rg6 27. Qf2 cxb5 28. Re3 Be4 29. Nxe4 dxe4 30. Rxe4 Nf5 31. Re5 Qd7 32. Rg1 Ra6 33. Rg5 Rxg5 34. fxg5 Ng3 35. Nxg3 hxg3+ 36. Kxg3 Rd6 37. Qf5 Qxf5 38. Rxf5 Rxd4 39. Rxb5 Rd3+ 40. Kg4 Rxa3 41. Rxb7 a4 42. h4 Ra1 43. Kf5 Rc1 44. Ra7 Rc5+ 45. Kg6 Rc6+ 46. Kh5 Rc4 47. g6 Rb4 48. Kg5 Rc4 49. h5 Rc5+ 50. Kh6 Rc8 51. Rxa4 Rb8 52. Ra5 Rf8 53. Kg5 Rb8 54. h6 Rc8 55. h7+ Kg7 56. Ra7+ Kh8 57. Kh6 1-0

[Variant "Standard"]
[Site "Europe Echecs"]

[Event "Sunway Sitges Chess Festival"]
[Date "2024.12.21"]
[White "Koenig, Christian"]
[Black "Schulman, Julia"]
[WhiteElo "2008"]
[BlackElo "1852"]
[Round "5.39"]
[Result "1-0"]
[TimeControl "40/5400+30:1800+30"]

1. e4 c5 2. Nf3 d6 3. d4 cxd4 4. Nxd4 Nf6 5. Nc3 a6 6. Bg5 e6 7. f4 Be7 8. Qf3 O-O 9. O-O-O Qc7 10. Bd3 Nbd7 11. Rhe1 Nc5 12. Kb1 Nxd3 13. Rxd3 h6 14. Bxf6 Bxf6 15. Nde2 Bd7 16. g4 Bb5 17. Nxb5 axb5 18. Nc1 Rfc8 19. Re2 b4 20. Qg3 Qa5 21. h4 Be7 22. g5 hxg5 23. hxg5 g6 24. Rh2 Bf8 25. Qh3 Bg7 26. Rxd6 Qc5 27. Rd3 Ra6 28. Rhd2 Qa5 29. Rd7 Rca8 30. Qb3 Qb6 31. f5 gxf5 32. exf5 Be5 33. g6 fxg6 34. Qh3 Kf8 35. Qh7 1-0

[Variant "Standard"]
[Site "Europe Echecs"]

[Event "Sunway Sitges Chess Festival"]
[Date "2024.12.21"]
[White "Sayce, Hannah"]
[Black "Rana, Oliver"]
[WhiteElo "1821"]
[BlackElo "1911"]
[Round "5.40"]
[Result "1-0"]
[TimeControl "40/5400+30:1800+30"]

1. e4 c6 2. Nf3 d5 3. Nc3 dxe4 4. Nxe4 Nd7 5. Bc4 Ngf6 6. Neg5 e6 7. Qe2 Bd6 8. Nxf7 Qe7 9. Nxh8 Nb6 10. Bb3 Nbd5 11. d4 Qf8 12. Ng5 1-0

[Variant "Standard"]
[Site "Europe Echecs"]

[Event "Sunway Sitges Chess Festival"]
[Date "2024.12.21"]
[White "Nalbandyan, Vahan"]
[Black "Safin Safarullakhan"]
[WhiteElo "2197"]
[BlackElo "1825"]
[Round "5.41"]
[Result "1-0"]
[TimeControl "40/5400+30:1800+30"]

1. d4 Nf6 2. Nc3 d5 3. Bf4 e6 4. Nb5 Na6 5. e3 Be7 6. Nf3 O-O 7. h4 Ne4 8. Bd3 f5 9. Ne5 c6 10. Nc3 Nxc3 11. bxc3 Qa5 12. Kf1 Bf6 13. Rh3 Qxc3 14. Bxa6 bxa6 15. Rb1 c5 16. Kg1 Bxe5 17. Bxe5 Rf7 18. Rg3 Bd7 19. Qh5 Bb5 20. Qh6 Kf8 21. Rxg7 cxd4 22. Bd6+ Ke8 23. Qxe6+ Kd8 24. Rg8+ Rf8 25. Rxf8+ Be8 26. Rxe8# 1-0

[Variant "Standard"]
[Site "Europe Echecs"]

[Event "Sunway Sitges Chess Festival"]
[Date "2024.12.21"]
[White "Pellicer Pi, Jordi"]
[Black "Pontiroli, Luca"]
[WhiteElo "1798"]
[BlackElo "1687"]
[Round "5.42"]
[Result "1-0"]
[TimeControl "40/5400+30:1800+30"]

1. e4 e6 2. d4 d5 3. e5 c5 4. c3 Nc6 5. Nf3 Qb6 6. Bd3 cxd4 7. O-O Bd7 8. Re1 Rc8 9. a3 dxc3 10. Nxc3 Nge7 11. h4 a6 12. b4 Nxe5 13. Nxe5 Rxc3 14. Be3 Qd8 15. Bd4 Rc8 16. Qh5 g6 17. Qf3 Nf5 18. Bxf5 gxf5 19. Nxd7 Kxd7 20. Bxh8 Bxb4 21. axb4 Qxh8 22. Rac1 Qd4 23. Rxc8 Kxc8 24. Qg3 Qg4 25. Rc1+ Kd7 26. Rc7+ Ke8 27. Qd6 1-0

[Variant "Standard"]
[Site "Europe Echecs"]

[Event "Sunway Sitges Chess Festival"]
[Date "2024.12.21"]
[White "Aloma Vidal, Robert"]
[Black "Maurizzi, Marc`Andria"]
[WhiteElo "2398"]
[BlackElo "2477"]
[Round "6.1"]
[Result "0-1"]
[TimeControl "40/5400+30:1800+30"]

1. Nf3 Nf6 2. d4 g6 3. g3 Bg7 4. Bg2 O-O 5. O-O d6 6. Nc3 Nbd7 7. a4 c6 8. a5 Qc7 9. b4 Nd5 10. Na2 e5 11. c4 N5f6 12. Bb2 e4 13. Ng5 d5 14. cxd5 cxd5 15. Nc3 Rd8 16. Rc1 Qb8 17. Nb5 h6 18. Nh3 Ne8 19. Nf4 Ndf6 20. f3 g5 21. Nh3 Bd7 22. Nc3 e3 23. Qb3 Nd6 24. Nd1 Nc4 25. Re1 Re8 26. Rc3 Nh5 27. Rxe3 Nxe3 28. Nxe3 Nxg3 29. Nf2 Nh5 30. Qxd5 Be6 31. Qb5 Nf4 32. Bf1 a6 33. Qb6 Bd7 34. Nc4 Re6 35. Qc5 Bf8 36. Qf5 Rxe2 37. Qxd7 Rxe1 38. Ng4 Qd8 39. Qf5 Bg7 40. Nce5 Qe7 41. Kf2 Rxf1+ 42. Kxf1 f6 43. Qd7 Re8 44. Qxe7 Rxe7 45. Nc4 Nd5 46. Nd6 Rc7 47. b5 Bf8 48. b6 Rc2 49. Ba3 h5 50. Nf2 Ra2 51. Bc5 Bxd6 0-1

[Variant "Standard"]
[Site "Europe Echecs"]

[Event "Sunway Sitges Chess Festival"]
[Date "2024.12.21"]
[White "Gorshtein, Ido"]
[Black "Sofronie, Iulian"]
[WhiteElo "2422"]
[BlackElo "2368"]
[Round "6.2"]
[Result "1-0"]
[TimeControl "40/5400+30:1800+30"]

1. d4 Nf6 2. c4 e6 3. Nf3 b6 4. g3 Bb7 5. Bg2 Be7 6. O-O O-O 7. Re1 Na6 8. Bf4 c5 9. d5 exd5 10. Nh4 g6 11. cxd5 d6 12. Bh6 Re8 13. e4 Nd7 14. Nf3 Bf6 15. Nbd2 b5 16. a4 Nc7 17. axb5 Nxb5 18. Nc4 Nb6 19. Na5 Rb8 20. Qd2 Nd7 21. Bf4 Ba8 22. h4 Nd4 23. Nc4 Nb3 24. Qc2 Nxa1 25. Rxa1 Ne5 26. Nfxe5 Bxe5 27. Bxe5 dxe5 28. Qc3 Qc7 29. h5 Rbd8 30. Ra6 Bb7 31. Rxa7 Ra8 32. d6 Qb8 33. Rxa8 Bxa8 34. d7 Rd8 35. Nxe5 Qd6 36. h6 f6 37. Qb3+ Bd5 38. exd5 fxe5 39. Bh3 Kf8 40. Be6 Ke7 41. Qa4 Rf8 42. Qh4+ Rf6 43. b3 Qb6 44. Qa4 Rf8 45. d8=B+ Rxd8 46. Qh4+ Kd6 47. Qf6 c4 48. bxc4 Qb8 49. Bc8+ 1-0

[Variant "Standard"]
[Site "Europe Echecs"]

[Event "Sunway Sitges Chess Festival"]
[Date "2024.12.21"]
[White "Raczek, Krzysztof"]
[Black "Anwesh, Upadhyaya"]
[WhiteElo "2443"]
[BlackElo "2379"]
[Round "6.3"]
[Result "1/2-1/2"]
[TimeControl "40/5400+30:1800+30"]

1. e4 e5 2. Nf3 Nc6 3. Bb5 a6 4. Ba4 Nf6 5. O-O Be7 6. d3 b5 7. Bb3 d6 8. a3 O-O 9. Nc3 h6 10. h3 Be6 11. Nd5 Re8 12. Be3 Bf8 13. c4 Na5 14. Ba2 c5 15. b4 Nc6 16. Rc1 Nd4 17. Nxd4 exd4 18. Bd2 bxc4 19. Nxf6+ Qxf6 20. Bxc4 Bxc4 21. Rxc4 Qe6 22. Qf3 a5 23. b5 a4 24. Rb1 Reb8 25. Qd1 d5 26. exd5 Qf5 27. Qf3 Qd7 28. Qg4 Qxd5 29. Bf4 Rb7 30. b6 Qc6 31. Bc7 Bd6 32. Bxd6 Qxd6 33. Qg3 Qxg3 1/2-1/2

[Variant "Standard"]
[Site "Europe Echecs"]

[Event "Sunway Sitges Chess Festival"]
[Date "2024.12.21"]
[White "Abergel, Thal"]
[Black "Song, Edward"]
[WhiteElo "2411"]
[BlackElo "2363"]
[Round "6.4"]
[Result "1/2-1/2"]
[TimeControl "40/5400+30:1800+30"]

1. Nf3 d5 2. g3 Bg4 3. Bg2 c6 4. d3 Nf6 5. Nbd2 Nbd7 6. c4 e6 7. b3 Bd6 8. Bb2 O-O 9.
Qc2 Qe7 10. O-O Ba3 11. Rac1 a5 12.
Rfe1 Rfe8 13. cxd5 exd5 14. Nd4 h6 15. h3 Bh5 16. Nf5 Qf8 17. Bxa3 Qxa3 18. e4 Bg6 19. Nb1 Qb4 20. a3 Qb6 21. Nh4 Bh7 22. Nd2 Ne5 23. Nhf3 Nxf3+ 24. Bxf3 Qd4 25. Bg2 dxe4 26. Nxe4 Rad8 27. Nc5 Rxe1+ 28. Rxe1 Bxd3 29. Qc1 b6 30. Nxd3 Qxd3 31. Qxc6 Qxb3 32. Re3 Qd1+ 33. Kh2 Qd6 34. Qb5 Qd4 35. Bf3 Rc8 36. Kg2 Qc5 37. Qb2 Re8 38. Rb3 Rb8 39. Rb5 Qd6 40. Qc3 Rd8 41. Qe3 Rb8 42. a4 Qc7 43. h4 Qc4 44. Rxb6 Rxb6 45. Qxb6 Qxa4 46. Qd8+ Kh7 47. Qd3+ Kg8 48. Qd8+ Kh7 49. Qd3+ g6 50. h5 Qb4 51. hxg6+ fxg6 52. Qd8 Kg7 53. Qc7+ Kf8 54. Qd8+ Kf7 55. Qc7+ Kf8 56. Qd8+ Kf7 57. Qc7+ Kf8 1/2-1/2

[Variant "Standard"]
[Site "Europe Echecs"]

[Event "Sunway Sitges Chess Festival"]
[Date "2024.12.21"]
[White "Ivanchuk, Vasyl"]
[Black "Gormally, Daniel W"]
[WhiteElo "2630"]
[BlackElo "2424"]
[Round "6.5"]
[Result "1-0"]
[TimeControl "40/5400+30:1800+30"]

1. e4 c5 2. Nf3 Nc6 3. d4 cxd4 4. Nxd4 Nf6 5. Nc3 g6 6. Bc4 Bg7 7. Nxc6 dxc6 8. Qxd8+ Kxd8 9. a4 Ng4 10. Bd2 f5 11. h3 Ne5 12. Ba2 Nd7 13. O-O-O Kc7 14. exf5 gxf5 15. g4 Ne5 16. Rhe1 Ng6 17. h4 e5 18. h5 Nh4 19. Bg5 Nf3 20. h6 Bf8 21. Bd8+ Kb8 22. g5 Bc5 23. Bf6 Re8 24. g6 hxg6 25. h7 1-0

[Variant "Standard"]
[Site "Europe Echecs"]

[Event "Sunway Sitges Chess Festival"]
[Date "2024.12.21"]
[White "Xu, Minghui"]
[Black "Moussard, Jules"]
[WhiteElo "2405"]
[BlackElo "2649"]
[Round "6.6"]
[Result "0-1"]
[TimeControl "40/5400+30:1800+30"]

1. d4 Nf6 2. c4 e6 3. Nc3 Bb4 4. e3 O-O 5. Bd3 Re8 6. Ne2 d5 7. O-O Bf8 8. Ng3 a6 9. e4 dxe4 10. Ncxe4 Qxd4 11. Be3 Qd8 12. Nxf6+ Qxf6 13. Qh5 g6 14. Bg5 Qxb2 15. Qh4 Nd7 16. Rae1 Bg7 17. Re3 Qd4 18. Ne4 f5 19. Rh3 h5 20. Rd1 fxe4 21. Be2 Qe5 22. Bxh5 gxh5 23. Rg3 Rf8 24. Qxh5 Qf5 25. Qe2 Rf7 26. h4 b6 27. Bh6 Nf8 28. Rg5 Qf6 29. Bxg7 Rxg7 30. Qxe4 Rb8 31. Rxg7+ Qxg7 0-1

[Variant "Standard"]
[Site "Europe Echecs"]

[Event "Sunway Sitges Chess Festival"]
[Date "2024.12.21"]
[White "Tin, Jingyao"]
[Black "Isanzhulov, Arystan"]
[WhiteElo "2480"]
[BlackElo "2395"]
[Round "6.7"]
[Result "1-0"]
[TimeControl "40/5400+30:1800+30"]

1. Nf3 Nf6 2. c4 e6 3. g3 d5 4. Bg2 Be7 5. d4 O-O 6. O-O dxc4 7. Qc2 a6 8. a4 b6 9. Ne5 Ra7 10. Qxc4 Bb7 11. Bxb7 Rxb7 12. Nc3 c5 13. Rd1 cxd4 14. Be3 b5 15. axb5 axb5 16. Qxd4 Qxd4 17. Bxd4 Rc8 18. Ra8 Kf8 19. Rda1 b4 20. Na4 b3 21. Nb6 Rd8 22. e3 Ne4 23. f3 Nd6 24. Na4 Nb5 25. Nc5 Bxc5 26. Bxc5+ Ke8 27. Kf1 Rc8 28. Nd3 f6 29. Ke2 Kf7 30. e4 Rcc7 31. Rc1 Nd7 32. Be3 Rxc1 33. Nxc1 Rc7 34. Nxb3 Rc2+ 35. Nd2 Rxb2 36. f4 Nd6 37. Ra7 Rb7 38. Ra6 Ke7 39. g4 Rc7 40. Ra8 Nc4 41. Nxc4 Rxc4 42. Kf3 Rc2 43. h4 h6 44. Ra7 Ke8 45. h5 Ke7 46. Bd4 Ke8 47. g5 e5 48. fxe5 fxe5 49. Be3 hxg5 50. Bxg5 Rh2 51. Kg4 Rf2 52. Kg3 Rf1 53. Kg2 Re1 54. Kf3 Rg1 55. Be3 Rf1+ 56. Kg4 Re1 57. Bg5 Rf1 58. Rc7 Rf2 59. Bc1 Nf8 60. Be3 Rf7 61. Rc5 Nd7 62. Rc8+ Ke7 63. Kg5 Rf3 64. Bc1 Rf1 65. Kg6 Nf6 66. Bg5 Kd7 67. Rf8 Rg1 68. Rxf6 gxf6 69. Kxf6 Ke8 70. h6 Rh1 71. Kg7 Rg1 72. h7 Rxg5+ 73. Kh6 Rg4 74. h8=Q+ Kf7 75. Qxe5 1-0

[Variant "Standard"]
[Site "Europe Echecs"]

[Event "Sunway Sitges Chess Festival"]
[Date "2024.12.21"]
[White "Diaz Rosas, Julio Cesar"]
[Black "Li, Di"]
[WhiteElo "2401"]
[BlackElo "2440"]
[Round "6.8"]
[Result "1/2-1/2"]
[TimeControl "40/5400+30:1800+30"]

1. e4 e5 2. Nf3 Nc6 3. Bb5 a6 4. Ba4 Nf6 5. O-O b5 6. Bb3 Bc5 7. a4 Rb8 8. c3 d6 9. d4 Bb6 10. a5 Ba7 11. h3 O-O 12. Be3 exd4 13. cxd4 Ne7 14. Nbd2 c5 15. Re1 c4 16. Bc2 d5 17. Bg5 Nxe4 18. Nxe4 dxe4 19. Bxe4 f6 20. Bf4 Rb7 21. Bxb7 Bxb7 22. Qe2 Ng6 23. Qe6+ Kh8 24. Bg3 Bxf3 25. gxf3 f5 26. f4 Bb8 27. d5 Bd6 28. Qe3 h6 29. Qb6 Nxf4 30. Qxd8 Rxd8 31. Bxf4 Bxf4 32. Re6 b4 33. Rxa6 Be5 34. Ra4 Bxb2 35. Rxb4 c3 36. Rc6 Rxd5 37. Ra4 Rd7 38. a6 Ra7 39. Rb4 Rxa6 40. Rxa6 c2 41. Rc4 c1=Q+ 42. Rxc1 Bxc1 43. Ra5 g6 44. Ra7 Kg8 45. Kf1 Bg5 46. Ke2 Bh4 47. f3 Bf6 48. Kd3 Be5 49. Kc4 Bf6 50. Kd5 Bc3 51. Ke6 Bd4 52. Rc7 Bb2 53. Rc6 Kf8 54. Rb6 Bc3 55. Ra6 Bb2 56. h4 h5 57. Rc6 Kg8 58. Ra6 1/2-1/2

[Variant "Standard"]
[Site "Europe Echecs"]

[Event "Sunway Sitges Chess Festival"]
[Date "2024.12.21"]
[White "Alekseenko, Kirill"]
[Black "Esplugas Esteve, Vicenc"]
[WhiteElo "2673"]
[BlackElo "2277"]
[Round "6.9"]
[Result "1-0"]
[TimeControl "40/5400+30:1800+30"]

1. e4 e6 2. d4 d5 3. Nd2 Be7 4. Ngf3 Nf6 5. e5 Nfd7 6. Nb3 b6 7. h4 c5 8. Bg5 Nc6 9. Bxe7 Qxe7 10. c3 a5 11. Bb5 Na7 12. Be2 a4 13. Nbd2 a3 14. b3 Nc6 15. h5 Bb7 16. Rh3 f6 17. Bb5 fxe5 18. dxe5 O-O 19. Qe2 Rf5 20. Bd3 Rf4 21. O-O-O Raf8 22. g3 R4f7 23. Bc2 c4 24. bxc4 Nb4 25. Bb1 dxc4 26. g4 Nd3+ 27. Bxd3 cxd3 28. Qxd3 Nc5 29. Qe3 Qe8 30. c4 Qa4 31. Nd4 Rd7 32. Qc3 Rfd8 33. N2b3 Ne4 34. Qc2 Rc8 35. c5 Nxc5 36. Rc3 Be4 37. Nxc5 Qb4 38. Nxe4 Rdd8 1-0

[Variant "Standard"]
[Site "Europe Echecs"]

[Event "Sunway Sitges Chess Festival"]
[Date "2024.12.21"]
[White "Hess, Max"]
[Black "Siddharth, Jagadeesh"]
[WhiteElo "2385"]
[BlackElo "2510"]
[Round "6.10"]
[Result "0-1"]
[TimeControl "40/5400+30:1800+30"]

1. d4 Nf6 2. c4 e6 3. Nf3 b6 4. g3 Bb7 5. Bg2 Be7 6. O-O O-O 7. Nc3 Ne4 8. Bd2 Nxd2 9. Qxd2 d6 10. e4 Nd7 11. Qc2 a6 12. b4 Bf6 13. Rfd1 g6 14. h4 Bg7 15. d5 a5 16. a3 Ba6 17. Rac1 axb4 18. axb4 Bxc4 19. dxe6 fxe6 20. Nd4 Ne5 21. f4 Ng4 22. Qd2 e5 23. Nc6 Qe8 24. b5 exf4 25. gxf4 Bh6 26. Nd5 Bxd5 27. Qxd5+ Kh8 28. Qd4+ Bg7 29. e5 dxe5 30. fxe5 Nxe5 31. Nxe5 Bxe5 32. Qe4 Ra2 33. Rd5 Bh2+ 34. Kh1 Qxe4 35. Bxe4 Bd6 36. Rc2 Rxc2 37. Bxc2 Rf2 0-1

[Variant "Standard"]
[Site "Europe Echecs"]

[Event "Sunway Sitges Chess Festival"]
[Date "2024.12.21"]
[White "Gholami Orimi, Mahdi"]
[Black "kiladze, Luka"]
[WhiteElo "2402"]
[BlackElo "2359"]
[Round "6.11"]
[Result "1/2-1/2"]
[TimeControl "40/5400+30:1800+30"]

1. d4 d5 2. c4 e6 3. Nc3 Nf6 4. cxd5 exd5 5. Bg5 c6 6. e3 Be6 7. Bd3 Nbd7 8. Nge2 h6 9. Bh4 g5 10. Bg3 Nh5 11. Qc2 Nxg3 12. Nxg3 Nf6 13. O-O-O Qc7 14. h4 g4 15. Nce2 O-O-O 16. Nf4 Bd6 17. Nge2 Kb8 18. Kb1 Rhg8 19. g3 Rge8 20. Ka1 Qa5 21. Bf5 Bxf5 22. Qxf5 Ne4 23. Nd3 Rg8 24. Rc1 Qd2 25. Nef4 Bxf4 26. Qxf4+ Ka8 27. Nc5 f5 28. Rhf1 Nxc5 29. dxc5 h5 30. Rfd1 Qe2 31. Rd4 Rgf8 32. a3 Rde8 33. Ka2 Re4 34. Rxe4 dxe4 35. Qd6 Rb8 36. Rd1 Qxf2 37. Qc7 a6 38. Rd8 Rxd8 39. Qxd8+ Ka7 40. Qb6+ 1/2-1/2

[Variant "Standard"]
[Site "Europe Echecs"]

[Event "Sunway Sitges Chess Festival"]
[Date "2024.12.21"]
[White "Vetokhin, Savva"]
[Black "Tan, Jun Ying"]
[WhiteElo "2502"]
[BlackElo "2357"]
[Round "6.12"]
[Result "1-0"]
[TimeControl "40/5400+30:1800+30"]

1. d4 d5 2. c4 c6 3. cxd5 cxd5 4. Bf4 Nc6 5. e3 Nf6 6. Nc3 a6 7. Rc1 Bg4 8. f3 Bf5 9. e4 dxe4 10. d5 e5 11. dxc6 Qxd1+ 12. Rxd1 exf4 13. cxb7 Rb8 14. Bxa6 Bd7 15. Nge2 exf3 16. gxf3 Bc6 17. Nd4 Bxb7 18. Bb5+ Ke7 19. Kf2 Nh5 20. Bc6 f6 21. Bxb7 Rxb7 22. Nc6+ Ke8 23. Rhe1+ Be7 24. Rd8+ Kf7 25. Rxe7+ Rxe7 26. Rxh8 1-0

[Variant "Standard"]
[Site "Europe Echecs"]

[Event "Sunway Sitges Chess Festival"]
[Date "2024.12.21"]
[White "Lee, Jun Wei"]
[Black "Girel, Joseph"]
[WhiteElo "2238"]
[BlackElo "2494"]
[Round "6.13"]
[Result "0-1"]
[TimeControl "40/5400+30:1800+30"]

1. d4 Nf6 2. c4 b6 3. Nc3 Bb7 4. f3 d5 5. cxd5 Nxd5 6. e4 Nxc3 7. bxc3 e5 8. Be3 exd4 9. cxd4 Bb4+ 10. Kf2 O-O 11. Bc4 Kh8 12. Ne2 f5 13. e5 Nc6 14. a3 Na5 15. Ba2 Be7 16. Nf4 Bg5 17. d5 Qe7 18. h4 Bh6 19. Qd4 Rad8 20. Qc3 Rfe8 21. Ne6 f4 22. Bc1 Rd7 23. Nxf4 Bxf4 24. Bxf4 Bxd5 25. e6 Bxe6 26. Rae1 Qf7 27. Bxe6 Rxe6 28. Rxe6 Qxe6 29. Re1 Qf7 30. Bxc7 h6 31. Be5 Qc4 32. Re4 Qxc3 33. Bxc3 Nc6 34. a4 Kg8 35. Rc4 Ne7 36. Kg3 h5 37. Re4 Nf5+ 38. Kf2 Rc7 39. Bd2 Rc2 40. Ke1 Ra2 41. Rc4 g6 42. Ke2 Kf7 43. Kd3 Ke8 44. Rf4 Ke7 45. Re4+ Kd7 46. Rc4 Kd6 47. Re4 Kd5 48. Rb4 Ra1 49. Ke2 Nd4+ 50. Kd3 Ra3+ 51. Bc3 Ne6 52. Kc2 Ra2+ 53. Bb2 Nc5 54. a5 Na4 55. axb6 axb6 56. g4 Rxb2+ 0-1

[Variant "Standard"]
[Site "Europe Echecs"]

[Event "Sunway Sitges Chess Festival"]
[Date "2024.12.21"]
[White "Gavrilescu, David"]
[Black "Torres Rosas, Luis Carlos"]
[WhiteElo "2549"]
[BlackElo "2277"]
[Round "6.14"]
[Result "1-0"]
[TimeControl "40/5400+30:1800+30"]

1. e4 e6 2. d4 d5 3. Nc3 Nf6 4. Bg5 dxe4 5. Nxe4 Be7 6. Bxf6 gxf6 7. Nf3 f5 8. Nc3 a6 9. Qe2 b5 10. O-O-O b4 11. Na4 Qd5 12. c4 Qa5 13. b3 Bd7 14. d5 Bxa4 15. bxa4 Qxa4 16. dxe6 b3 17. exf7+ Kxf7 18. c5 Qa3+ 19. Qb2 Qxc5+ 20. Kb1 Qc2+ 21. Qxc2 bxc2+ 22. Kxc2 Nc6 23. Bc4+ Kg7 24. Rhe1 Rhd8 25. Re6 Rd6 26. Rdxd6 Bxd6 27. Kc3 a5 28. Bd5 Ra6 29. Re8 Ne7 30. Bc4 Bb4+ 31. Kc2 Rc6 32. Ne5 Rh6 33. h3 Rh4 34. Kd3 Re4 35. Nf3 Bd6 36. Nd4 Kf6 37. Rf8+ Ke5 38. Nf3+ Kf4 39. Nd2 Ng6 40. g3+ Kg5 41. Nf3+ Kh6 42. Rxf5 1-0

[Variant "Standard"]
[Site "Europe Echecs"]

[Event "Sunway Sitges Chess Festival"]
[Date "2024.12.21"]
[White "Ilamparthi A R"]
[Black "Brzezina, Piotr"]
[WhiteElo "2391"]
[BlackElo "2274"]
[Round "6.15"]
[Result "1/2-1/2"]
[TimeControl "40/5400+30:1800+30"]

1. e4 e5 2. Nf3 Nc6 3. Bb5 Nf6 4. O-O Nxe4 5. Re1 Nd6 6. Nxe5 Nxe5 7. Rxe5+ Be7 8. Bf1 O-O 9. d4 Bf6 10. Re2 Ne8 11. d5 d6 12. h3 Bg5 13. f4 Bh4 14. Kh2 f5 15. Nd2 g6 16. Nf3 Bf6 17. a4 Bd7 18. a5 a6 19. Ra3 Bg7 20. Ng5 Nf6 21. Rae3 h6 22. Ne6 Bxe6 23. Rxe6 Kh7 24. Qd3 Ne4 25. R2xe4 fxe4 26. Qxe4 Rf6 27. Bd3 Rxe6 28. dxe6 Qf6 29. Qxb7 Re8 30. Qxa6 Qxe6 31. Bd2 Bd4 32. Qb7 Re7 33. a6 c5 34. Qc6 Qf6 35. Qf3 Bxb2 36. c3 Kg7 37. Bc4 h5 38. Bd5 Ra7 39. Bb7 h4 40. Qd3 d5 41. Qc2 Ba1 42. Qc1 Rxa6 43. Bxa6 Qxa6 44. Qe1 Qd3 45. Qe5+ Kf7 46. Be1 Qe4 47.
Qc7+ 1/2-1/2

[Variant "Standard"]
[Site "Europe Echecs"]

[Event "Sunway Sitges Chess Festival"]
[Date "2024.12.21"]
[White "Coles, Robin"]
[Black "Lopez Martinez, Josep Manuel"]
[WhiteElo "2291"]
[BlackElo "2455"]
[Round "6.16"]
[Result "1/2-1/2"]
[TimeControl "40/5400+30:1800+30"]

1. e4 c6 2. d4 d5 3. e5 Bf5 4. Nd2 e6 5. Nb3 Nd7 6. Nf3 Ne7 7. Be2 h6 8. O-O Bh7 9. Bd2 a5 10. a4 Nc8 11. Rc1 Be7 12. Qe1 b6 13. c4 Be4 14. cxd5 Bxd5 15. Bc4 Nb8 16. Qe2 O-O 17. Rfd1 Bb4 18. Bf4 Bxc4 19. Qxc4 Ne7 20. Nbd2 Nd7 21. Ne4 Nd5 22. Bd2 Bxd2 23. Nfxd2 c5 24. Nc3 Nxc3 25. bxc3 Rc8 26. Qb5 Qc7 27. Nc4 Rfd8 28. Nd6 Rb8 29. h4 Nf6 30. exf6 Rxd6 31. fxg7 Rbd8 32. Qe2 Qe7 33. dxc5 Rxd1+ 34. Rxd1 Rxd1+ 35. Qxd1 Qxc5 36. Qf3 Qe5 37. g3 Kxg7 38. Qc6 Qe1+ 39. Kg2 Qd1 40. c4 Qd4 41. Kf3 Qd3+ 42. Kg2 Qd4 43. Kf3 Qd3+ 44. Kg2 Qd4 45. Kf3 1/2-1/2

[Variant "Standard"]
[Site "Europe Echecs"]

[Event "Sunway Sitges Chess Festival"]
[Date "2024.12.21"]
[White "Kristoferitsch, Daniel"]
[Black "Makkar, Rajat"]
[WhiteElo "2287"]
[BlackElo "2433"]
[Round "6.17"]
[Result "1-0"]
[TimeControl "40/5400+30:1800+30"]

1. d4 d5 2. c4 c6 3. Nc3 Nf6 4. e3 a6 5. Qc2 g6 6. Bd3 Bg7 7. Nf3 O-O 8. O-O Bg4 9. Ne5 Be6 10. c5 Nbd7 11. Nxd7 Qxd7 12. Bd2 Bf5 13. Bxf5 Qxf5 14. Qxf5 gxf5 15. Ne2 a5 16.
Rfc1 Nd7 17. Rc2 a4 18. Rb1 Rfb8 19. b4 b6 20. cxb6 Nxb6 21. Rxc6 Nc4 22. Bc1 e6 23. Nc3 Bf8 24. b5 a3 25. Kf1 Ra5 26. Ke1 Ra7 27. Kd1 Rba8 28. b6 Rb7 29. Kc2 Ra6 30. Rb5 Kg7 31. Kd3 Na5 32. Rcc5 Nc4 33. Rc6 Na5 34. Rcc5 Bxc5 35. dxc5 Nc4 36. f3 Kf6 37. e4 fxe4+ 38. fxe4 Ne5+ 39. Kc2 d4 40. Nb1 d3+ 41. Kb3 Ke7 42. Bxa3 Kd7 43. Bb2 Kc6 44. a4 Nd7 45. Bd4 Rb8 46. Kb4 Rg8 47. g3 Rd8 48. Be3 Ne5 49. Nd2 Kb7 50. a5 Kc6 51. Ka4 Ng4 52. Bg1 f5 53. exf5 exf5 54. Rb2 Ne5 55. Kb4 Rg8 56. Be3 Nd7 57. Nb3 Re8 58. Nd4+ Kd5 59. Nxf5 Ne5 60. Bd2 Nc4 61. Rb3 Nxd2 62. Rxd3+ Ke5 63. Re3+ Kd5 1-0

[Variant "Standard"]
[Site "Europe Echecs"]

[Event "Sunway Sitges Chess Festival"]
[Date "2024.12.21"]
[White "Travadon, Loic"]
[Black "Liu, Yi"]
[WhiteElo "2428"]
[BlackElo "2261"]
[Round "6.18"]
[Result "0-1"]
[TimeControl "40/5400+30:1800+30"]

1. d4 d5 2. c4 e6 3. Nc3 Nf6 4. Bg5 Be7 5. Nf3 Nbd7 6. e3 O-O 7. Rc1 c5 8. cxd5 Nxd5 9. Bxe7 Nxe7 10. Bc4 b6 11. O-O Bb7 12. e4 cxd4 13. Nxd4 Ne5 14. Bb3 N7c6 15. Nxc6 Nxc6 16. Nb5 Ba6 17. a4 Bxb5 18. axb5 Nd4 19. Bc4 Qf6 20. Rc3 Rac8 21. Bd3 e5 22. Bc4 Rc7 23. Qd3 Rfc8 24. Rfc1 Qe7 25. g3 g6 26. Kg2 Kg7 27. Bd5 Rc5 28. Rxc5 Rxc5 29. Rxc5 Qxc5 30. Bc4 h5 31. h4 Qc8 32. b3 Qc5 33. Kf1 Qb4 34. Kg2 Qe1 35. Bd5 Ne2 36. Qf3 f6 37. Bc4 Qg1+ 38. Kh3 Nc3 39. Qg2 Qxg2+ 40. Kxg2 Nxe4 41. Bd5 Nd6 42. Bc6 Nf5 43. Kf3 a5 44. Ke4 Nd4 45. f4 Nxb3 46. fxe5 a4 47. e6 Kf8 48. Kd5 Ke7 49. Kc4 Kxe6 50. Be8 Kf5 51. Bd7+ Ke4 52. Bc6+ Ke3 53. Be8 Kf2 54. Bxg6 Kxg3 0-1

[Variant "Standard"]
[Site "Europe Echecs"]

[Event "Sunway Sitges Chess Festival"]
[Date "2024.12.21"]
[White "Van Zyl-Rudd, Jack"]
[Black "Arfan, Aditya Bagus"]
[WhiteElo "2268"]
[BlackElo "2416"]
[Round "6.19"]
[Result "1/2-1/2"]
[TimeControl "40/5400+30:1800+30"]

1. e4 c5 2. Nf3 e6 3. d4 cxd4 4. Nxd4 a6 5. Bd3 Bc5 6. Nb3 Be7 7. Qg4 g6 8. Qe2 d6 9. O-O Qc7 10. f4 Nd7 11. f5 gxf5 12. Nc3 Ngf6 13. Bg5 b5 14. exf5 e5 15. Bxf6 Nxf6 16. Be4 Bb7 17. Bxb7 Qxb7 18. Nd2 b4 19. Nce4 d5 20. Nxf6+ Bxf6 21. a3 Rc8 22. Nb3 a5 23. axb4 axb4 24. Ra6 Rxc2 25. Qxc2 Qxa6 26. Qc5 Qc4 27. Qd6 Qxb3 28. Qc6+ Ke7 29. Qc5+ Kd7 30. Qb5+ Ke7 31. Qc5+ 1/2-1/2

[Variant "Standard"]
[Site "Europe Echecs"]

[Event "Sunway Sitges Chess Festival"]
[Date "2024.12.21"]
[White "Atanasov, Anthony"]
[Black "Chia, Yu Zhe Ashton"]
[WhiteElo "2415"]
[BlackElo "2252"]
[Round "6.20"]
[Result "1-0"]
[TimeControl "40/5400+30:1800+30"]

1. d4 Nf6 2. c4 e6 3. Nf3 b6 4. Bf4 Bb7 5. e3 Nh5 6. Bg5 Be7 7. h4 h6 8. Bxe7 Qxe7 9. Nc3 d6 10. g4 Nf6 11. Rg1 Ne4 12. Nxe4 Bxe4 13. Nd2 Bb7 14. Bg2 Bxg2 15. Rxg2 d5 16. Qf3 c6 17. O-O-O Nd7 18. e4 O-O-O 19. cxd5 exd5 20. exd5 Nf6 21. Qf5+ Kc7 22. Nc4 Rxd5 23. Qf4+ Kb7 24. f3 Qc7 25. Qxc7+ Kxc7 26. Rc2 Kb7 27. Ne5 c5 28. Nxf7 Rf8 29. Ne5 cxd4 30. Ng6 Re8 31. Nf4 Rdd8 32. Re2 Rxe2 33. Nxe2 d3 34. Nf4 h5 35. g5 Nd5 36. Nxd3 Rc8+ 37. Kb1 Ne3 38. Re1 Nf5 39. Re4 Rd8 40. Kc2 Nd4+ 41. Kc3 Nxf3 42. Re7+ Kc6 43. Rxg7 Nxh4 44. Rh7 Rg8 45. Rxh5 Nf3 46. Rh6+ Kb5 47. b3 Nxg5 48. a4+ Ka5 49. Kb2 Ka6 50. Nc5+ Ka5 51. Nb7+ Ka6 52. Nc5+ Ka5 53. Nb7+ Ka6 54. Nd6 Rg7 55. Rf6 Nh7 56. Rf4 Ng5 57. b4 Ne6 58. Re4 Ng5 59. b5+ Ka5 60. Kb3 Rc7 61. Re7 1-0

[Variant "Standard"]
[Site "Europe Echecs"]